 Dungeon Crawl Stone Soup version 0.27-a0-25-g087482e4d5 (webtiles) character file.

Game seed: 18081335065145349087

108 RETERIOR the Stinger (level 4, -6/33 HPs)
             Began as a Draconian Venom Mage on Jan 2, 2021.
             Killed by nerve-wracking pain
             ... invoked by an orc priest
              (13 damage)
             ... on level 2 of the Dungeon.
             The game lasted 00:09:43 (2362 turns).

RETERIOR the Stinger (Draconian Venom Mage)         Turns: 2362, Time: 00:09:44

Health: -6/33      AC:  5    Str: 10    XL:     4   Next: 58%
Magic:  6/7        EV: 12    Int: 16    God:
Gold:   104        SH:  0    Dex: 12    Spells: 7/8 levels left

rFire    . . .     SeeInvis .   l - +0 dagger (venom)
rCold    . . .     Faith    .   (no shield)
rNeg     . . .     Spirit   .   (armour unavailable)
rPois    .         Reflect  .   (helmet restricted)
rElec    .         Harm     .   (no cloak)
rCorr    .         Rampage  .   (no gloves)
Will     .....                  (no boots)
Stlth    ++........             (no amulet)
HPRegen  0.11/turn              (no ring)
MPRegen  0.10/turn              (no ring)

@: about to teleport
A: unfitting armour, cold-blooded, AC +5
a: no special abilities


You were on level 2 of the Dungeon.
You visited 1 branch of the dungeon, and saw 3 of its levels.

You collected 104 gold pieces.

Inventory:

Hand Weapons
 c - a +0 mace
 f - a +2 short sword of speed
 l - a +0 dagger of venom (weapon)
 m - a +2 quarterstaff of speed
Armour
 d - a +2 pair of boots
Jewellery
 b - a cursed ring of attention {unknown}
 g - a cursed -4 ring of protection {unknown}
 k - an uncursed amulet of guardian spirit {unknown}
Scrolls
 o - a scroll of enchant weapon {unknown}
Potions
 a - 2 potions of curing
 h - a potion of magic {unknown}
 i - a potion of flight {unknown}
 j - 3 potions of cancellation {unknown}
 n - a potion of berserk rage {unknown}


   Skills:
 + Level 0.2 Fighting
 + Level 0.6 Short Blades
 + Level 0.6 Maces & Flails
 + Level 2.2 Dodging
 + Level 2.2 Stealth
 + Level 0.4 Unarmed Combat
 + Level 2.5 Spellcasting
 + Level 1.5 Transmutations
 + Level 4.0 Poison Magic


You had 7 spell levels left.
You knew the following spells:

 Your Spells              Type           Power        Failure   Level
a - Sting                 Tmut/Pois      40%          6%          1

Your spell library contained the following spells:

 Spells                   Type           Power        Failure   Level
 Poisonous Vapours        Pois/Air       16%          13%         2
 Ignite Poison            Fire/Tmut/Pois 7%           28%         3
 Mephitic Cloud           Conj/Pois/Air  6%           34%         3
 Olgreb's Toxic Radiance  Pois           14%          36%         4


Dungeon Overview and Level Annotations

Branches:
Dungeon (3/15)

Altars:
Okawaru


Innate Abilities, Weirdness & Mutations

Your plain brown scales are hard. (AC +5)
You cannot fit into any form of body armour.
You are cold-blooded and may be slowed by cold attacks.


Message History

An orc comes into view.
You can't go down here!
You can't go down here!
The orc shouts!
The orc priest calls upon Beogh to heal the orc priest.
The orc priest is healed somewhat.
You climb upwards.
There is a stone staircase leading down here.
You hit the orc priest.
The orc priest looks as sick as possible!
The orc priest is heavily wounded.
The orc priest mumbles some strange prayers to Beogh against you.
Beogh smites you!
* * * LOW HITPOINT WARNING * * *
The orc barely misses you.
As you read the scroll of teleportation, it crumbles to dust.
You feel strangely unstable.
The orc priest invokes the aid of Beogh against you.
Pain shoots through your body!
You die...

###### #....# ###### #....#
### #....# #....# #..
#....#####....######..
#...o@.............+..
#######o.######.#######..
#.....#..# #.# #..
###+##.....# #.# ##'
#........(.# #.########.
#.....#'##.######.##.......
#..........................
#..........................
#..........................


You could see an orc priest (extremely poisoned) and an orc.

Vanquished Creatures
  A gnoll (D:1)
  4 adders (D:2)
  2 oozes
  A worm (D:2)
  A leopard gecko (D:2)
  4 bats
  2 giant cockroaches (D:1)
  10 goblins
  7 hobgoblins
  8 jackals (D:1)
  A quokka (D:2)
  2 frilled lizards (D:1)
  A kobold (D:1)
  2 rats (D:1)
46 creatures vanquished.

Notes
Turn   | Place    | Note
-------+----------+-------------------------------------------
     0 | D:1      | RETERIOR the Draconian Venom Mage began the quest for the
                  | Orb.
     0 | D:1      | Reached XP level 1. HP: 14/14 MP: 3/3
    98 | D:1      | Reached XP level 2. HP: 20/20 MP: 1/5
   485 | D:1      | Reached XP level 3. HP: 26/26 MP: 3/6
  1529 | D:2      | Reached XP level 4. HP: 33/33 MP: 5/7
  1813 | D:2      | Found an iron altar of Okawaru.
  2096 | D:2      | Reached skill level 4 in Poison Magic
  2362 | D:2      | Killed from afar by an orc priest

Illustrated notes

Levels and vault maps discovered:
D:1:      lightli_arrival_boilingwater, layout_loops_corners, minmay_surrounded
D:2:      layout_basic, okawaru_metal_pillars_3, amethyst_killhole
D:3:      layout_loops_ring, minmay_overflow_temple_star_hex,
          cheibrodos_sewer_entry_bend, chequers_ecumenical_altar_simple,
          uniq_robin, uniq_crazy_yiuf_cottage, uniq_ijyb

Skill      XL: |  1  2  3  4 |
---------------+-------------+-----
Stealth        | 2 |  2.2
Dodging        | 2 |  2.2
Poison Magic   | 4 |  4.0
Fighting       | |  0.2
Short Blades   | |  0.6
Maces & Flails | |  0.6
Unarmed Combat | |  0.4
Spellcasting   | |  2.5
Transmutations | |  1.5

Action                   |  1- 3 |  4- 6 || total
-------------------------+-------+-------++-------
Melee: Unarmed           |     9 |       ||     9
       Tailslap          |     4 |     1 ||     5
       Mace              |    35 |       ||    35
       Dagger            |    31 |    28 ||    59
 Cast: Sting             |    38 |     9 ||    47
  Use: Scroll            |     3 |     4 ||     7
       Potion            |     1 |       ||     1
Armor: Skin              |    44 |     4 ||    48
Dodge: Dodged            |    73 |    17 ||    90

Table legend: (Time is in decaauts)
 A = Elapsed time spent in this place.
 B = Non-inter-level travel time spent in this place.
 C = Inter-level travel time spent in this place.
 D = Time resting spent in this place.
 E = Time spent auto-exploring this place.
 F = Levels seen in this place.
 G = Mean time per level.
                   A        B        C        D        E       F      G
               +--------+--------+--------+--------+--------+-----+--------+
         Total |   2377 |   2375 |      2 |    373 |   1044 |   3 |  792.3 |
       Dungeon |   2377 |   2375 |      2 |    373 |   1044 |   3 |  792.3 |
               +--------+--------+--------+--------+--------+-----+--------+

Top non-repeatable levels by time:
     D:1: 1207 daAuts
     D:2: 1165 daAuts
     D:3: 4 daAuts
